 Dungeon Crawl Stone Soup version 0.26.0-18-gc5c842f807 (webtiles) character file.

Game seed: 16826752868321789910

73 kaeus the Firebug (level 4, 0/27 HPs)
             Began as an Octopode Fire Elementalist on Jan 22, 2021.
             Slain by an adder (1 damage)
             ... on level 3 of the Dungeon.
             The game lasted 00:01:31 (2752 turns).

kaeus the Firebug (Octopode Fire Elementalist)      Turns: 2752, Time: 00:01:31

Health: 0/27       AC:  1    Str:  7    XL:     4   Next: 27%
Magic:  5/7        EV: 13    Int: 18    God:
Gold:   222        SH:  0    Dex: 12    Spells: 7/8 levels left

rFire    . . .     SeeInvis .   p - -3 hand axe (curse)
rCold    . . .     Faith    .   (no shield)
rNeg     . . .     Spirit   .   (helmet restricted)
rPois    .         Reflect  .   (no amulet)
rElec    .         Harm     .   a - ring of flight
rCorr    .         Rampage  .   (no ring)
Will     .....                  (no ring)
Stlth    +++.......             (no ring)
HPRegen  0.09/turn              (no ring)
MPRegen  0.10/turn              (no ring)
                                (no ring)
                                (no ring)

@: lethally poisoned (0 -> -4)
A: almost no armour, stealthy swim, amphibious, 8 rings, constrict 8, camouflage
1, gelatinous body 1
a: Evoke Flight


You were on level 3 of the Dungeon.
You visited 1 branch of the dungeon, and saw 3 of its levels.

You collected 222 gold pieces.

Inventory:

Hand Weapons
 p - a cursed -3 hand axe (weapon)
Jewellery
 a - a ring of flight (left tentacle)
Scrolls
 e - 5 scrolls of identify
 g - 2 scrolls of enchant weapon
 j - a scroll of amnesia
 k - a scroll of teleportation
Potions
 c - a potion of berserk rage {unknown}
 d - 2 potions of heal wounds {unknown}
 h - a potion of degeneration {unknown}
 l - 2 potions of brilliance {unknown}
 o - 2 potions of curing {unknown}


   Skills:
 - Level 2.0 Dodging
 - Level 2.6 Stealth
 + Level 2.6 Spellcasting
 + Level 2.0 Conjurations
 * Level 4.1 Fire Magic


You had 7 spell levels left.
You knew the following spells:

 Your Spells              Type           Power        Failure   Level
a - Foxfire               Conj/Fire      52%          4%          1

Your spell library contained the following spells:

 Spells                   Type           Power        Failure   Level
 Conjure Flame            Conj/Fire      13%          14%         3
 Inner Flame              Hex/Fire       9%           22%         3
 Sticky Flame             Conj/Fire      13%          43%         4
 Fireball                 Conj/Fire      6%           78%         5


Dungeon Overview and Level Annotations

Branches:
Dungeon (3/15)

Altars:


Innate Abilities, Weirdness & Mutations

You cannot wear most types of armour.
You are very stealthy in the water. (Stealth+)
You are amphibious.
You can wear up to eight rings at the same time.
You can use your tentacles to constrict eight enemies at once.
Your skin changes colour to match your surroundings (Stealth+).
Your rubbery body absorbs attacks. (AC +1, EV +1)


Message History

The adder is severely wounded.
The adder bites you.
* * * LOW HITPOINT WARNING * * *
You are lethally poisoned!
The adder poisons you! The adder misses you.
You take 3 damage, and have 3/27 hp.
* * * LOW HITPOINT WARNING * * *
You feel sick. The adder closely misses you.
You take 1 damage, and have 2/27 hp.
There is a lethal amount of poison in your body!
There is a lethal amount of poison in your body!
There is a lethal amount of poison in your body!
There is a lethal amount of poison in your body!
There is a lethal amount of poison in your body!
You barely miss the adder. You grab the adder. Your squeeze misses the adder.
The adder is severely wounded.
You constrict the adder.
* * * LOW HITPOINT WARNING * * *
You feel sick. The adder bites you.
You die...

........#
#.......
..>....
##..... #
.....
#.#...
#...)#
#g#####.#
#.S@....#
#########


You could see an adder and a hobgoblin.

Vanquished Creatures
  A howler monkey zombie (D:2)
  An adder (D:2)
  An ooze (D:1)
  5 dart slugs
  A leopard gecko (D:2)
  An orc (D:3)
  4 bats
  A giant cockroach (D:2)
  4 goblins
  6 hobgoblins
  2 jackals (D:2)
  2 quokkas (D:2)
  2 frilled lizards
  3 rats
34 creatures vanquished.

Vanquished Creatures (others)
  171 foxfires
171 creatures vanquished.

Grand Total: 205 creatures vanquished

Notes
Turn   | Place    | Note
-------+----------+-------------------------------------------
     0 | D:1      | kaeus the Octopode Fire Elementalist began the quest for
                  | the Orb.
     0 | D:1      | Reached XP level 1. HP: 11/11 MP: 3/3
    91 | D:1      | Reached XP level 2. HP: 17/17 MP: 0/5
  1226 | D:2      | Reached XP level 3. HP: 21/21 MP: 1/6
  1632 | D:2      | Reached skill level 4 in Fire Magic
  1692 | D:2      | Reached XP level 4. HP: 27/27 MP: 3/7
  2752 | D:3      | HP: 1/27 [poisoned by an adder]
  2752 | D:3      | Slain by an adder

Illustrated notes

Levels and vault maps discovered:
D:1:      elethiomel_arrival_shortcut, layout_basic, st_stairs_13
D:2:      layout_basic
D:3:      layout_loops_corners

Skill      XL: |  1  2  3  4 |
---------------+-------------+-----
Fire Magic     | 4 |  4.1
Conjurations   | 2 |  2.0
Dodging        | |  2.0
Stealth        | |  2.6
Spellcasting   | |  2.6

Action                   |  1- 3 |  4- 6 || total
-------------------------+-------+-------++-------
Melee: Unarmed           |     8 |       ||     8
       Tentacles         |     3 |     1 ||     4
       Constrict         |     2 |     3 ||     5
       Hand axe          |       |     7 ||     7
 Cast: Foxfire           |    68 |    39 ||   107
  Use: Scroll            |       |     8 ||     8
Armor: Skin              |       |     1 ||     1
Dodge: Dodged            |     5 |     4 ||     9
